 Dungeon Crawl Stone Soup version 0.25-a0-420-g1cc7eeb0d1 (webtiles) character file.

Game seed: 3220230493745011818, levelgen mode: deterministic

466 Kohma the Shield-Bearer (level 6, 0/56 HPs)
             Began as a Minotaur Fighter on Jan 18, 2020.
             Was an Initiate of Qazlal.
             Killed from afar by an orc wizard (10 damage)
             ... with a puff of flame
             ... on level 5 of the Dungeon.
             The game lasted 00:07:23 (3562 turns).

Kohma the Shield-Bearer (Minotaur Fighter)          Turns: 3562, Time: 00:07:24

Health: 0/56       AC:  4    Str: 25    XL:     6   Next: 81%
Magic:  5/5        EV: 10    Int:  5    God:    Qazlal [......]
Gold:   298        SH:  0    Dex: 10    Spells: 5/5 levels left

rFire    . . .     SeeInvis .   x - +0 battleaxe
rCold    . . .     Gourm    .   (shield currently unavailable)
rNeg     . . .     Faith    .   s - +4 ring mail
rPois    .         Spirit   .   (helmet restricted)
rElec    .         Reflect  .   (no cloak)
rCorr    .         Harm     .   k - +0 pair of gloves {Str+3}
MR       .....                  p - +0 pair of boots
Stlth    ..........             (no amulet)
HPRegen  0.18/turn              (no ring)
MPRegen  0.09/turn              (no ring)

@: corroded
A: retaliatory headbutt, horns 2
a: Renounce Religion


You were on level 5 of the Dungeon.
You worshipped Qazlal.
Qazlal was noncommittal.
You were not hungry.

You visited 2 branches of the dungeon, and saw 6 of its levels.

You collected 298 gold pieces.

Inventory:

Hand Weapons
 a - a +0 long sword
 r - a +4 flail
 x - a +0 battleaxe (weapon)
Missiles
 g - 19 poisoned darts (quivered)
Armour
 c - a +0 shield
 k - a +0 pair of gloves of strength (worn)
 p - a +0 pair of boots (worn)
 s - a +4 ring mail (worn)
Jewellery
 b - an uncursed amulet of the acrobat {unknown}
 v - a cursed -3 ring of intelligence {unknown}
Scrolls
 e - 2 scrolls of magic mapping {unknown}
 h - 5 scrolls of identify {unknown}
 i - a scroll of enchant weapon {unknown}
 j - 3 scrolls of random uselessness {unknown}
 n - 3 scrolls of remove curse {unknown}
 u - a scroll of teleportation {unknown}
Potions
 d - a potion of might
 l - a potion of mutation {unknown}
 m - 3 potions of curing {unknown}
 o - a potion of degeneration {unknown}
 q - a potion of flight {unknown}
 t - 2 potions of brilliance {unknown}
 w - a potion of agility {unknown}
Comestibles
 f - 5 rations


   Skills:
 + Level 5.2 Fighting
 - Level 5.6 Long Blades
 * Level 1.6 Axes
 + Level 3.8 Armour
 - Level 6.3 Shields


You had 5 spell levels left.
You didn't know any spells.
Your spell library was empty.

Dungeon Overview and Level Annotations

Branches:
Dungeon (5/15)             Temple (1/1) D:5

Altars:
Ashenzari
Cheibriados
Dithmenos
Elyvilon
Fedhas
Gozag
Hepliaklqana
Kikubaaqudgha
Makhleb
Nemelex Xobeh
Okawaru
Qazlal
Ru
Sif Muna
Trog
Uskayaw
Vehumet
Xom
Yredelemnul
Zin
The Shining One


Innate Abilities, Weirdness & Mutations

You reflexively headbutt those who attack you in melee.
You have a pair of horns on your head.


Message History

The quokka is severely wounded.
You hit the orc. The quokka bites you. The orc hits you but does no damage.
You hear some strange, mumbled words.
The quokka bites you.
* * * LOW HITPOINT WARNING * * *
The orc barely misses you. The quokka misses you.
You closely miss the quokka.
The quokka is severely wounded.
The quokka bites you.
* * * LOW HITPOINT WARNING * * *
The quokka bites you.
* * * LOW HITPOINT WARNING * * *
You hit the quokka.
You kill the quokka!
Qazlal accepts your kill.
You hear some strange, mumbled words.
A puff of flame appears from out of thin air!
The puff of flame hits you!
You die...

#.. ..# #### ###.. ..>..
#...##.#... #...o......
#.o....#>.. #....o.....
#.o###..... #..o@# ###
#.##{# # ########.##.#.#. #
............#....#
########..#...##.#
#.#####............
#.......#..#.#.#.#####
#########.............
#########...#.8.#...#######


You could see 2 orcs.

Vanquished Creatures
  A crimson imp (D:3)
  2 orc priests
  A hound (D:4)
  A jelly (D:5)
  3 orc wizards
  4 worker ants
  A hound zombie (D:5)
  5 adders
  2 adder skeletons (D:4)
  A worm (D:2)
  2 dart slugs
  A leopard gecko (D:1)
  9 orcs
  4 giant cockroaches
  3 hobgoblins
  11 jackals
  2 quokkas
  6 bats
  3 frilled lizards
  4 goblins
  2 kobolds (D:1)
  A leopard gecko skeleton (D:5)
  3 rats
72 creatures vanquished.

Notes
Turn   | Place    | Note
-------+----------+-------------------------------------------
     0 | D:1      | Kohma the Minotaur Fighter began the quest for the Orb.
     0 | D:1      | Reached XP level 1. HP: 19/19 MP: 0/0
   306 | D:1      | Reached XP level 2. HP: 27/27 MP: 1/1
   313 | D:1      | Reached skill level 4 in Shields
   991 | D:2      | Reached XP level 3. HP: 31/33 MP: 2/2
  1336 | D:2      | Found a blossoming altar of Fedhas.
  1629 | D:3      | Reached XP level 4. HP: 5/40 MP: 3/3
  1636 | D:3      | Reached skill level 5 in Shields
  2038 | D:3      | Reached XP level 5. HP: 47/47 MP: 4/4
  2604 | D:4      | Reached skill level 5 in Long Blades
  2614 | D:4      | Reached XP level 6. HP: 27/55 MP: 5/5
  2780 | D:4      | Reached skill level 6 in Shields
  2816 | D:4      | Reached skill level 5 in Fighting
  3230 | D:5      | Entered Level 5 of the Dungeon
  3250 | D:5      | Found a white marble altar of Elyvilon.
  3340 | D:5      | Found a staircase to the Ecumenical Temple.
  3352 | D:5      | Reached skill level 1 in Axes
  3379 | Temple   | Entered the Ecumenical Temple
  3497 | Temple   | Became a worshipper of Qazlal Stormbringer
  3562 | D:5      | Killed from afar by an orc wizard

Levels and vault maps discovered:
D:1:      lightli_arrival_isolated_outpost, layout_loops_ring, serial_rivers,
          chequers_serial_rivers_large_a, chequers_serial_rivers_room_a,
          chequers_serial_rivers_small_a, chequers_serial_rivers_micro_c,
          chequers_serial_rivers_small_3, minmay_misc_feat_five
D:2:      layout_basic, first_ration, fedhas_altar_3
D:3:      layout_loops_ring
D:4:      layout_cave_pools
D:5:      layout_basic, lemuel_coloured_pillars_altar,
          minmay_temple_entry_sparse_star, elyvilon_altar_3
Temple:   kilobyte_greek_temple

Skill      XL: |  1  2  3  4  5  6 |
---------------+-------------------+-----
Shields        | 4 5 6 |  6.3
Long Blades    | 3 4 5 |  5.6
Fighting       | 4 5 |  5.2
Axes           | 1 |  1.6
Armour         | |  3.8

Action                   |  1- 3 |  4- 6 || total
-------------------------+-------+-------++-------
Melee: Long sword        |    95 |     9 ||   104
       Headbutt          |    16 |    21 ||    37
       Flail             |       |    77 ||    77
       Battleaxe         |       |    23 ||    23
  Eat: Chunk             |     2 |     5 ||     7
       Ration            |       |     1 ||     1
Armor: Scale mail        |    24 |       ||    24
       Ring mail         |    15 |    76 ||    91
Dodge: Dodged            |    23 |    55 ||    78
Block: Shield            |    51 |    56 ||   107
       Rpst.: Long sword |     9 |       ||     9

Table legend:
 A = Non-vault XP
 B = Vault XP
 C = Vault XP percentage of total XP
 D = Non-vault monster count
 E = Vault monster count
 F = Vault count percentage of total count
                 A         B        C        D         E       F
            +---------+---------+-------+---------+---------+-------
      Total |     667 |       0 |   0.0 |      72 |       0 |   0.0
            +---------+---------+-------+---------+---------+-------
        D:1 |      33 |       0 |   0.0 |      20 |       0 |   0.0
        D:2 |      42 |       0 |   0.0 |       8 |       0 |   0.0
        D:3 |     159 |       0 |   0.0 |      10 |       0 |   0.0
        D:4 |     334 |       0 |   0.0 |      28 |       0 |   0.0
        D:5 |      99 |       0 |   0.0 |       6 |       0 |   0.0
            +---------+---------+-------+---------+---------+-------
